 Dungeon Crawl Stone Soup version 0.21-a0-404-g291f19a (webtiles) character file.

266 karf the Shield-Bearer (level 6, -1/49 HPs)
             Began as a Formicid Fighter on Oct 31, 2017.
             Was a Follower of Qazlal.
             Slain by a river rat (8 damage)
             ... in a sewer.
             The game lasted 00:07:22 (2601 turns).

karf the Shield-Bearer (Formicid Fighter)           Turns: 2601, Time: 00:07:23

Health: -1/49      AC:  9    Str: 22    XL:     6   Next: 44%
Magic:  6/6        EV:  8    Int:  7    God:    Qazlal [*.....]
Gold:   163        SH: 12    Dex: 11    Spells: 5/5 levels left

rFire    . . .     SeeInvis +   a - +1 quarterstaff
rCold    . . .     Gourm    .   c - +0 shield
rNeg     . . .     Faith    .   b - +0 scale mail
rPois    .         Spirit   .   (helmet unavailable)
rElec    .         Reflect  .   (no cloak)
rCorr    .         Harm     .   o - +0 pair of gloves
MR       .....                  h - +0 pair of boots
Stlth    ..........             (no amulet)
HPRegen  0.16/turn              (no ring)
MPRegen  0.10/turn              (no ring)

@: very slow
A: permanent stasis, dig shafts and tunnels, four strong arms, antennae 3
a: Dig, Shaft Self, Renounce Religion


You were in a sewer.
You worshipped Qazlal.
Qazlal was aware of your devotion.
You were not hungry.

You visited 1 branch of the dungeon, and saw 4 of its levels.
You also visited: Sewer.

You collected 163 gold pieces.

Inventory:

Hand Weapons
 a - a +1 quarterstaff (weapon)
Armour
 b - a +0 scale mail (worn)
 c - a +0 shield (worn)
 h - a +0 pair of boots (worn)
 o - a +0 pair of gloves (worn)
Scrolls
 e - 5 scrolls of identify
 i - a scroll of teleportation
 n - 2 scrolls of remove curse
 s - 2 scrolls of blinking
Potions
 d - a potion of might
 j - a potion of magic
 m - a potion of berserk rage
 t - a potion of ambrosia
Books
 q - a book of Cantrips

   Spells                             Type                      Level
   a - Confusing Touch                Hexes                        1
   b - Animate Skeleton               Necromancy                   1
   c - Summon Small Mammal            Summoning                    1
   d - Apportation                    Translocation                1
 r - a book of Minor Magic

   Spells                             Type                      Level
   a - Magic Dart                     Conjuration                  1
   b - Blink                          Translocation                2
   c - Call Imp                       Summoning                    2
   d - Slow                           Hexes                        2
   e - Conjure Flame                  Conjuration/Fire             3
   f - Mephitic Cloud                 Conjuration/Poison/Air       3
Comestibles
 f - 5 bread rations
 g - 3 fruits
 p - a meat ration


   Skills:
 + Level 4.3 Fighting
 * Level 4.2 Staves
 - Level 3.2 Armour
 * Level 5.8 Shields


You had 5 spell levels left.
You didn't know any spells.

Dungeon Overview and Level Annotations

Branches:
Dungeon (4/15)
 Temple: D:4-7

Altars:
Nemelex Xobeh
Qazlal
Sif Muna


Innate Abilities, Weirdness & Mutations

You cannot be hasted, slowed, berserked, paralysed or teleported.
You can dig through walls and to a lower floor.
Your four strong arms can wield two-handed weapons with a shield.
You have a pair of large antennae on your head. (SInv)


Message History

You kill the river rat!
Qazlal accepts your kill. The river rat bites you.
* * * LOW HITPOINT WARNING * * *
Your unstable footing causes you to fumble your attack.
The river rat barely misses you. Why would you want to do that?
The river rat barely misses you. You block the river rat's attack. x2
You block the river rat's attack. You block the rat's attack.
You hit the river rat.
The river rat is moderately wounded.
You block the river rat's attack. Why would you want to do that?
You hit the river rat.
The river rat is almost dead.
The river rat barely misses you. x2; You block the river rat's attack.
Your unstable footing causes you to fumble your attack.
You block the river rat's attack. The river rat bites you!
You die...

#..∩∩..#
#......#
##≈≈≈≈.#
#≈≈≈≈≈≈#
#≈≈≈≈≈≈#
#≈≈≈≈≈≈#
#≈≈≈≈≈≈#
#≈≈≈§≈≈#
#≈≈≈#@≈#
#≈≈#rrr#
#≈≈≈rr≈#
#≈≈#≈≈≈#
#≈.≈≈≈≈#
#≈≈≈≈≈≈#
#≈≈≈≈≈≈#
#≈≈≈≈≈≈#
#≈≈≈≈≈≈#


You could see 3 river rats and 2 rats.

Vanquished Creatures
  A jelly (D:4)
  An orc wizard (D:4)
  A worker ant (D:4)
  9 adders
  3 river rats
  A shadow imp (D:3)
  2 oozes
  4 worms
  A leopard gecko (D:2)
  4 orcs (D:4)
  6 bats
  3 giant cockroaches
  3 goblins (D:2)
  5 hobgoblins
  6 kobolds
  A ball python (D:3)
  4 frilled lizards
  8 rats
63 creatures vanquished.

Notes
Turn   | Place    | Note
-------+----------+-------------------------------------------
     0 | D:1      | karf the Formicid Fighter began the quest for the Orb.
     0 | D:1      | Reached XP level 1. HP: 18/18 MP: 1/1
   279 | D:1      | Reached XP level 2. HP: 22/24 MP: 2/2
   334 | D:1      | Reached skill level 4 in Shields
   605 | D:1      | Reached XP level 3. HP: 23/29 MP: 3/3
   796 | D:2      | Found a sparkling altar of Nemelex Xobeh.
   841 | D:2      | Reached XP level 4. HP: 33/37 MP: 4/4
   865 | D:2      | Found a stormy altar of Qazlal.
   918 | D:2      | Became a worshipper of Qazlal Stormbringer
  1792 | D:3      | Reached XP level 5. HP: 42/42 MP: 5/5
  1837 | D:3      | Found a deep blue altar of Sif Muna.
  2047 | D:3      | Reached skill level 5 in Shields
  2308 | D:4      | Reached * piety under Qazlal
  2337 | D:4      | Reached XP level 6. HP: 45/48 MP: 6/6
  2412 | D:4      | Found a glowing drain.
  2430 | Sewer    | Entered a sewer
  2601 | Sewer    | Slain by a river rat

Vault maps used:
D:1:      kennysheep_arrival_forest
D:2:      grunt_qazlal_clouds, nemelex_diamond_rough_becter
D:3:      kennysheep_big_flooded_room, first_bread, lemuel_tele_altar
D:4:      minitemple, lightli_ossuary_entry_decrepit_ruins,
          lightli_sewer_entry_pipes, roderic_serpentine_path
Sewer:    sewer_minmay_w

Skill      XL: |  1  2  3  4  5  6 |
---------------+-------------------+-----
Shields        | 4 5 |  5.8
Staves         | 3 4 |  4.2
Fighting       | 4 |  4.3
Armour         | |  3.2

Action                   |  1- 3 |  4- 6 || total
-------------------------+-------+-------++-------
Melee: Quarterstaff      |    90 |   174 ||   264
 Abil: Dig               |       |     1 ||     1
  Use: Scroll            |       |     8 ||     8
  Eat: Chunk             |       |     6 ||     6
Armor: Scale mail        |    30 |    59 ||    89
Dodge: Dodged            |    34 |    63 ||    97
Block: Shield            |    50 |   114 ||   164

Table legend:
 A = Spawn XP
 B = Non-spawn XP
 C = Spawn XP percentage of total XP
 D = Spawn monster count
 E = Non-spawn monster count
 F = Spawn count percentage of total count
 G = Total turns spent on level
                    A         B        C        D         E        F      G
               +---------+---------+-------+---------+---------+-------+---------
         Total |       0 |     381 |   0.0 |       0 |      63 |   0.0 |  2601
               +---------+---------+-------+---------+---------+-------+---------
           D:1 |       0 |      33 |   0.0 |       0 |      19 |   0.0 |   742
           D:2 |       0 |      64 |   0.0 |       0 |      17 |   0.0 |   726
           D:3 |       0 |      55 |   0.0 |       0 |      10 |   0.0 |   742
           D:4 |       0 |     216 |   0.0 |       0 |      16 |   0.0 |   220
         Sewer |       0 |      13 |   0.0 |       0 |       1 |   0.0 |   171
               +---------+---------+-------+---------+---------+-------+---------
